 Dungeon Crawl Stone Soup version 0.23.2 (webtiles) character file.

Game seed: 11778014034917471806

5609 Fang the Fighter (level 10, 0/66 HPs)
             Began as a Gargoyle Berserker on Apr 12, 2019.
             Was a High Priest of Trog.
             Slain by a tentacled starspawn (3 damage)
             ... on level 1 of the Abyss.
             The game lasted 00:10:11 (7279 turns).

Fang the Fighter (Gargoyle Berserker)               Turns: 7279, Time: 00:10:11

Health: 0/66       AC: 25    Str: 24    XL:     10   Next: 73%
Magic:  10/10      EV: 10    Int:  8    God:    Trog [*****.]
Gold:   518        SH:  0    Dex: 13    Spells: 9/9 levels left

rFire    . . .     SeeInvis .   a - +1 war axe
rCold    . . .     Gourm    .   (no shield)
rNeg     + . .     Faith    .   b - +4 plate armour
rPois    ∞         Spirit   .   (no helmet)
rElec    +         Reflect  .   (no cloak)
rCorr    .         Harm     .   (no gloves)
MR       .....                  (no boots)
Stlth    ..........             (no amulet)
HPRegen  0.21/turn              k - +4 ring of dexterity
MPRegen  0.12/turn              o - ring of stealth

@: flying
A: negative energy resistance 1, electricity resistance, unbreathing,
petrification resistance, rot immunity, AC +7
a: Berserk, Trog's Hand, Brothers in Arms, Renounce Religion


You were on level 1 of the Abyss.
You worshipped Trog.
Trog was extremely pleased with you.
You were very hungry.

You visited 2 branches of the dungeon, and saw 9 of its levels.
You visited the Abyss 1 time.
You also visited: Ossuary.

You collected 518 gold pieces.

Inventory:

Hand Weapons
 a - a +1 war axe (weapon)
Armour
 b - a +4 plate armour (worn)
Jewellery
 f - an uncursed ring of ice
 k - a +4 ring of dexterity (left hand)
 o - a ring of stealth (right hand)
Wands
 i - a wand of acid (9)
 m - a wand of disintegration (23)
 y - a wand of iceblast (10)
Scrolls
 e - 8 scrolls of identify
 h - 9 scrolls of remove curse
 j - 4 scrolls of fear
 r - a scroll of blinking
 s - 2 scrolls of teleportation
 x - a scroll of silence {unknown}
Potions
 d - 2 potions of magic
 g - 3 potions of curing
 l - 4 potions of might
 n - 3 potions of ambrosia
 p - a potion of lignification
 q - 3 potions of resistance
 t - 3 potions of brilliance
 u - 3 potions of flight
 v - 2 potions of heal wounds
 w - 3 potions of berserk rage
 z - 2 potions of haste
 A - 2 potions of agility {unknown}
Comestibles
 c - 15 rations


   Skills:
 + Level 9.2 Fighting
 + Level 7.7 Axes
 + Level 8.9 Armour
 + Level 6.8 Dodging


You had 9 spell levels left.
You didn't know any spells.
Your spell library was empty.

Dungeon Overview and Level Annotations

Branches:
Dungeon (8/15)             Temple (1/1) D:7            Lair (0/6) D:8

Altars:
Fedhas
Hepliaklqana
Kikubaaqudgha
Nemelex Xobeh
Qazlal
Vehumet
Wu Jian
Yredelemnul
Zin
The Shining One

Annotations:
D:8 Psyche


Innate Abilities, Weirdness & Mutations

You are resistant to torment.
Your stone body is resilient. (AC +7)
You are immune to poison.
You resist negative energy. (rN+)
You are resistant to electric shocks. (rElec)
You can survive without breathing.
You are immune to petrification.
You are immune to rotting.


Message History

The small abomination is severely damaged.
The small abomination hits you but does no damage.
A tentacled starspawn comes into view.
You slash the small abomination!
You destroy the small abomination!
Trog accepts your kill.
You slash the tentacled starspawn! The tentacled starspawn bites you.
The tentacled starspawn engulfs you but does no damage.
A starcursed mass splits.
You fail to use your ability.
A starcursed mass splits.
The tentacled starspawn bites you! The tentacled starspawn engulfs you!
* * * LOW HITPOINT WARNING * * *
Unknown command.
You feel very buoyant.
You fly up into the air.
A chorus of shrieks assaults your mind.
* * * LOW HITPOINT WARNING * * *
The tentacled starspawn bites you.
You die...

## ## ..# . #
###..# .
..###X..# #
... ##@...#
.#...##X##...#
# ..XX. #.# .
...#..##......
#..
##...#.##.# #.
?. #.. . ...#
. ..# # #..##
.# #.#.. . #
#.


You could see 3 starcursed masses and a tentacled starspawn.

Vanquished Creatures
  Erica (D:8)
  A large abomination (Abyss:1)
  Sigmund (D:4)
  2 wraiths (D:7)
  2 wargs (D:8)
  An acid dragon (D:7)
  A sky beast (D:6)
  A black bear (D:6)
  An orc warrior (D:8)
  2 phantoms
  3 necrophages (D:7)
  2 small abominations (Abyss:1)
  A centaur (D:6)
  A big kobold (D:8)
  3 bullfrogs
  Blork the orc (D:4)
  3 scorpions
  A wight (D:7)
  A howler monkey (D:4)
  4 bullfrog zombies
  3 centaur zombies (Ossuary)
  2 human zombies (D:7)
  An orc priest (D:5)
  4 orc wizards
  A centaur skeleton (D:7)
  2 jellies (D:5)
  A bullfrog skeleton (D:8)
  A human skeleton (D:7)
  18 mummies
  4 worker ants
  An ogre skeleton (D:7)
  3 hound zombies (Ossuary)
  A howler monkey zombie (Ossuary)
  6 worker ant zombies
  4 gnolls (D:6)
  10 adders
  A shadow imp (D:7)
  An ufetubus (Abyss:1)
  2 oozes (D:1)
  A worm zombie (D:7)
  An adder skeleton (D:8)
  3 worms
  2 dart slugs (D:2)
  3 leopard geckos
  25 orcs
  3 ball pythons
  5 giant cockroaches
  4 goblins
  11 hobgoblins
  18 jackals
  5 quokkas
  6 bats
  5 frilled lizards
  2 giant cockroach zombies (Ossuary)
  2 jackal zombies (Ossuary)
  6 kobolds
  A leopard gecko skeleton (D:8)
  2 leopard gecko zombies (Ossuary)
  A quokka skeleton (D:6)
  5 rats
210 creatures vanquished.

Vanquished Creatures (collateral kills)
  Harold (D:8)
  A thrashing horror (Abyss:1)
  A warg (D:8)
  A small abomination (Abyss:1)
  A centaur zombie (D:8)
  An orc priest (D:8)
  2 orc wizards (D:8)
  An orc (D:8)
9 creatures vanquished.

Vanquished Creatures (others)
  A lurking horror (Abyss:1)
  A withered plant (Ossuary)
2 creatures vanquished.

Grand Total: 221 creatures vanquished

Notes
Turn   | Place    | Note
-------+----------+-------------------------------------------
     0 | D:1      | Fang the Gargoyle Berserker began the quest for the Orb.
     0 | D:1      | Reached XP level 1. HP: 14/14 MP: 1/1
   217 | D:1      | Reached XP level 2. HP: 15/19 MP: 2/2
   520 | D:1      | Reached XP level 3. HP: 23/23 MP: 3/3
  1027 | D:2      | Reached ** piety under Trog
  1119 | D:2      | Reached XP level 4. HP: 29/29 MP: 4/4
  1272 | D:2      | Reached skill level 4 in Fighting
  1719 | D:3      | Reached XP level 5. HP: 33/33 MP: 5/5
  1813 | D:3      | Found a blossoming altar of Fedhas.
  1876 | D:3      | Reached *** piety under Trog
  2109 | D:3      | Found an ancient bone altar of Kikubaaqudgha.
  2361 | D:4      | Reached XP level 6. HP: 39/39 MP: 6/6
  2402 | D:4      | Found an ornate altar of the Wu Jian Council.
  2447 | D:4      | Noticed Sigmund
  2493 | D:4      | Killed Sigmund
  2493 | D:4      | Reached skill level 5 in Fighting
  2493 | D:4      | Reached XP level 7. HP: 39/44 MP: 7/7
  2527 | D:4      | Noticed Blork the orc
  2544 | D:4      | Killed Blork the orc
  2969 | D:4      | Found a sparkling altar of Nemelex Xobeh.
  2990 | D:5      | Entered Level 5 of the Dungeon
  3019 | D:5      | Reached **** piety under Trog
  3242 | D:5      | Reached skill level 5 in Armour
  3629 | D:5      | Found a radiant altar of Vehumet.
  4039 | D:6      | Reached XP level 8. HP: 45/51 MP: 8/8
  4043 | D:6      | Reached skill level 6 in Fighting
  4043 | D:6      | Reached skill level 5 in Axes
  4711 | D:7      | Found a sand-covered staircase.
  5093 | Ossuary  | Entered an ossuary
  5158 | Ossuary  | Reached XP level 9. HP: 44/56 MP: 9/9
  5285 | Ossuary  | Reached ***** piety under Trog
  5285 | Ossuary  | Reached skill level 7 in Fighting
  5350 | Ossuary  | Reached skill level 5 in Dodging
  5563 | D:7      | Found a staircase to the Ecumenical Temple.
  5632 | Temple   | Entered the Ecumenical Temple
  5996 | D:7      | Received a gift from Trog
  6010 | D:7      | Found a basalt altar of Yredelemnul.
  6165 | D:7      | Reached skill level 8 in Fighting
  6366 | D:8      | Found a staircase to the Lair.
  6368 | D:8      | Noticed Harold
  6369 | D:8      | Noticed Erica
  6388 | D:8      | Killed Erica
  6388 | D:8      | Reached XP level 10. HP: 62/65 MP: 10/10
  6399 | D:8      | Killed Harold
  6547 | D:8      | Found a stormy altar of Qazlal.
  6697 | D:8      | Reached skill level 9 in Fighting
  6992 | D:8      | Noticed Psyche
  6999 | D:8      | Paralysed by Psyche for 7 turns
  7009 | D:8      | Cast into level 1 of the Abyss (Psyche)
  7035 | Abyss:1  | Noticed a thrashing horror
  7146 | Abyss:1  | Noticed a thrashing horror
  7156 | Abyss:1  | Noticed a large abomination
  7160 | Abyss:1  | Received a gift from Trog
  7163 | Abyss:1  | Killed a thrashing horror
  7164 | Abyss:1  | Killed a large abomination
  7269 | Abyss:1  | Noticed a starcursed mass
  7276 | Abyss:1  | Noticed a tentacled starspawn
  7279 | Abyss:1  | HP: 3/66 [starcursed mass/accursed screaming (8)]
  7279 | Abyss:1  | Slain by a tentacled starspawn

Skill      XL: |  1  2  3  4  5  6  7  8  9 10 |
---------------+-------------------------------+-----
Axes           | 3 4 5 7 |  7.7
Dodging        | 2 3 4 6 |  6.8
Armour         | 3 4 5 6 8 |  8.9
Fighting       | 4 5 6 8 9 |  9.2

Action                   |  1- 3 |  4- 6 |  7- 9 | 10-12 || total
-------------------------+-------+-------+-------+-------++-------
Melee: Hand axe          |   110 |   138 |       |       ||   248
       War axe           |       |   119 |   548 |    89 ||   756
Invok: Berserk           |       |     1 |     3 |       ||     4
       Trog's Hand       |       |     1 |     1 |       ||     2
       Brothers in Arms  |       |       |       |     2 ||     2
  Use: Scroll            |       |       |    26 |       ||    26
       Potion            |       |       |     1 |     2 ||     3
  Eat: Chunk             |     1 |     6 |     9 |     4 ||    20
       Ration            |       |       |     2 |       ||     2
Armor: Animal skin       |     4 |       |       |       ||     4
       Plate armour      |    95 |   243 |   398 |   107 ||   843
Dodge: Dodged            |    55 |   111 |   258 |    48 ||   472
